 Dungeon Crawl Stone Soup version 0.18.1-48-g4cf74bf (webtiles) character file.

252 tyranidshit the Grave Robber (level 5, -4/73 HPs)
             Began as a Deep Dwarf Necromancer on July 12, 2016.
             Was a Follower of Makhleb.
             Slain by an ogre
             ... wielding a +0 giant club
              (19 damage)
             ... on level 4 of the Dungeon.
             The game lasted 00:18:08 (2809 turns).

tyranidshit the Grave Robber (DDNe)                 Turns: 2809, Time: 00:18:08

Health: -4/73      AC:  4    Str: 17    XL:     5   Next: 89%
Magic:  0/10       EV: 11    Int: 16    God:    Makhleb [*.....]
Gold:   197        SH:  3    Dex: 13    Spells: 2 memorised, 7 levels left

rFire  . . .     SeeInvis .     m - +1 short sword
rCold  . . .     Gourm    .     a - +0 robe
rNeg   . . .     Faith    .     s - +0 buckler
rPois  .         Spirit   .     (no helmet)
rElec  .         Dismiss  .     t - +0 cloak
rCorr  .         Reflect  .     h - +0 pair of gloves
SustAt .         Harm     .     (no boots)
MR     .....                    (no amulet)
Stlth  ..........               (no ring)
                                (no ring)

@: berserking, very slightly contaminated, non-regenerating, very quick, not
resistant to hostile enchantments, extremely unstealthy
A: damage resistance, recharge devices, sense surroundings 1, slow regeneration
3
a: Device Recharging, Renounce Religion


You were on level 4 of the Dungeon.
You worshipped Makhleb.
Makhleb was aware of your devotion.
You were hungry.

You visited 1 branch of the dungeon, and saw 4 of its levels.

You collected 197 gold pieces.

Inventory:

Hand Weapons
 f - a +0 hand axe
 m - a +1 short sword (weapon)
 v - a +0 halberd
Armour
 a - a +0 robe (worn)
 h - a +0 pair of gloves (worn)
 s - a +0 buckler (worn)
 t - a +0 cloak (worn)
Jewellery
 o - an uncursed ring of ice
Wands
 c - a wand of heal wounds (3/9)
Scrolls
 k - a scroll of fog
 l - 4 scrolls of identify
 y - 2 scrolls of remove curse
Potions
 e - 2 potions of might {unknown}
 g - a potion of haste {unknown}
 i - 4 potions of curing {unknown}
 j - 2 potions of cure mutation {unknown}
 z - a potion of heal wounds {unknown}
Books
 b - a book of Necromancy

   Spells                             Type                      Level
   a - Pain                           Necromancy                   1
   b - Animate Skeleton               Necromancy                   1
   c - Vampiric Draining              Necromancy                   3
   d - Regeneration                   Charms/Necromancy            3
   e - Animate Dead                   Necromancy                   4
   f - Control Undead                 Necromancy                   4
 x - a book of Flames

   Spells                             Type                      Level
   a - Flame Tongue                   Conjuration/Fire             1
   b - Throw Flame                    Conjuration/Fire             2
   c - Conjure Flame                  Conjuration/Fire             3
   d - Inner Flame                    Hexes/Fire                   3
   e - Sticky Flame                   Conjuration/Fire             4
   f - Fireball                       Conjuration/Fire             5
Comestibles
 d - 3 bread rations
 n - 2 beef jerkies
 w - a meat ration


   Skills:
 + Level 3.6 Fighting
 - Level 2.1 Dodging
 - Level 2.4 Stealth
 + Level 3.9 Spellcasting
 - Level 4.3 Necromancy


You had 7 spell levels left.
You knew the following spells:

 Your Spells              Type           Power        Failure   Level  Hunger
a - Pain                  Necr           ###.         6%          1    None
b - Vampiric Draining     Necr           ###.......   17%         3    ###....


Dungeon Overview and Level Annotations

Branches:
Dungeon (4/15)             Temple (0/1) D:4

Altars:
Dithmenos
Gozag
Makhleb
Okawaru
Pakellas
Xom
Zin

Annotations:
D:4 Menkaure


Innate Abilities, Weirdness & Mutations

You are resistant to damage.
You can recharge devices by infusing magical energy.
You passively map a small area around you.
You do not regenerate naturally.


Message History

Casting: Vampiric Draining
Confirm with . or Enter, or press ? or * to list all spells.
Aiming: Pain
Press: ? - help, Shift-Dir - straight line, f/p - ogre
Aim: an ogre, wielding a giant club (heavily wounded, chance to defeat MR: 76%)
The ogre convulses in agony!
The ogre hits you with a giant club!
Drink which item? (? for menu, Esc to quit)
A red film seems to cover your vision as you go berserk!
You feel yourself moving faster!
You feel mighty! The ogre hits you with a giant club!
You barely miss the ogre.
The ogre is heavily wounded.
The ogre hits you with a giant club!!
* * * LOW HITPOINT WARNING * * *
You puncture the ogre!
The ogre is severely wounded.
You closely miss the ogre.
The ogre is severely wounded.
The ogre hits you with a giant club!!
You die...

.... .## ,... , ,... ...,,.... *
* ,...... ...# , ,####..#.##..###
, + +.............+ , * #.
#.....#......# #.. #.# #..S# *
#.... #...#.#####O## , #....#
#.#######.......@.####+#....###
#...M...#.#.####..##........#.##
#######.#.#..#.....#........#..
#######...#.##..............#.###
#........##.##..............#....
#.....(..##.##................###
#........##'##.............†#....
#............#......###.....#..##
#............#......# ###......#<


You could see an ogre and an adder.

Vanquished Creatures
  A scorpion (D:4)
  A hound (D:4)
  A centaur skeleton (D:4)
  4 gnolls
  2 adders
  3 worms (D:2)
  A dart slug (D:1)
  3 giant geckos
  An orc (D:3)
  3 ball pythons
  5 giant cockroaches
  4 goblins (D:2)
  11 hobgoblins
  6 jackals (D:1)
  3 quokkas
  9 bats
  2 giant newts
  9 kobolds
  A quokka skeleton (D:4)
  7 rats
77 creatures vanquished.

Notes
Turn   | Place    | Note
--------------------------------------------------------------
     0 | D:1      | tyranidshit the Deep Dwarf Necromancer began the quest for the Orb.
     0 | D:1      | Reached XP level 1. HP: 15/15 MP: 3/3
   219 | D:1      | Reached XP level 2. HP: 8/24 MP: 0/5
   308 | D:1      | Reached skill level 1 in Fighting
   856 | D:1      | Reached XP level 3. HP: 15/32 MP: 3/6
   864 | D:1      | Learned a level 3 spell: Vampiric Draining
  1094 | D:2      | Found a shadowy altar of Dithmenos.
  1544 | D:2      | Found an iron altar of Okawaru.
  1551 | D:2      | Found an oddly glowing altar of Pakellas.
  1638 | D:2      | Found a burning altar of Makhleb.
  1639 | D:2      | Found a shimmering altar of Xom.
  1646 | D:2      | Became a worshipper of Makhleb the Destroyer
  1683 | D:2      | Reached XP level 4. HP: 31/39 MP: 4/8
  1971 | D:4      | Noticed an ogre
  2016 | D:2      | Reached * piety under Makhleb
  2156 | D:3      | Reached XP level 5. HP: 21/48 MP: 0/10
  2191 | D:3      | Found a glowing silver altar of Zin.
  2192 | D:3      | Found an opulent altar of Gozag.
  2563 | D:4      | Found a staircase to the Ecumenical Temple.
  2708 | D:4      | Noticed Menkaure
  2809 | D:4      | Slain by an ogre

Skill      XL: |  1  2  3  4  5 |
---------------+----------------+-----
Spellcasting   | 2 3 |  3.9
Fighting       | 1 2 3 |  3.6
Dodging        | |  2.1
Stealth        | |  2.4
Necromancy     | |  4.3

Action                   |  1- 3 |  4- 6 || total
-------------------------+-------+-------++-------
Melee: Club              |    39 |       ||    39
       Unarmed           |     1 |       ||     1
       Short sword       |    38 |     3 ||    41
       Hand axe          |     3 |    60 ||    63
       Halberd           |       |    22 ||    22
 Cast: Pain              |    62 |    26 ||    88
       Vampiric Draining |     2 |    15 ||    17
Evoke: Wand              |     3 |     6 ||     9
  Use: Scroll            |     6 |     4 ||    10
       Potion            |       |     1 ||     1
 Stab: Sleeping          |     2 |     2 ||     4
  Eat: Bread ration      |     1 |     1 ||     2
Armor: Robe              |    29 |    32 ||    61
Dodge: Dodged            |   105 |    69 ||   174
Block: Buckler           |     1 |    16 ||    17
